 Dungeon Crawl Stone Soup version 0.31-a0-133-gaae73658be (webtiles) character file.

Game seed: 18392569383380558842

80 Esekla the Sneak (level 4, -9/31 HPs)
             Began as an Octopode Delver on June 2, 2023.
             Killed from afar by a white imp (11 damage)
             ... with a puff of frost
             ... on level 5 of the Dungeon.
             The game lasted 00:03:47 (186 turns).

Esekla the Sneak (Octopode Delver)                   Turns: 186, Time: 00:03:48

Health: -9/31      AC:  1    Str: 11    XL:     4   Next: 39%
Magic:  5/5        EV: 13    Int: 14    God:
Gold:   0          SH:  0    Dex: 13    Spells: 5/5 levels left

rFire   . . .        a - +0 falchion
rCold   . . .        (no shield)
rNeg    . . .        (helmet restricted)
rPois   .            (no amulet)
rElec   .            (no ring)
rCorr   .            (no ring)
SInv    .            (no ring)
Will    .....        (no ring)
Stlth   +++++        (no ring)
HPRegen 0.25/turn    (no ring)
MPRegen 0.09/turn    (no ring)
                     (no ring)

%: no passive effects
@: no status effects
A: almost no armour, amphibious, 8 rings, camouflage 1, gelatinous body 1,
(nimble swimmer 1), tentacles
a: no special abilities


You were on level 5 of the Dungeon.
You visited 1 branch of the dungeon, and saw 1 of its levels.

Inventory:

Hand Weapons
 a - a +0 falchion (weapon)
Missiles
 c - 5 boomerangs (quivered)
Wands
 f - a wand of digging (3)
Scrolls
 b - a scroll of fog
Potions
 g - a potion of degeneration {unknown}


   Skills:
 * Level 3.5 Fighting
 * Level 2.4 Long Blades
 * Level 2.4 Dodging
 + Level 7.5 Stealth
 * Level 1.0 Spellcasting


You had 5 spell levels left.
You didn't know any spells.
Your spell library was empty.

Dungeon Overview and Level Annotations

Branches:
Dungeon (5/15)             Temple (0/1) D:5

Altars:
Xom

Annotations:
D:5 Pikel


Innate Abilities, Weirdness & Mutations

You cannot wear most types of armour.
You are amphibious.
You can wear up to eight rings at the same time.
Your skin changes colour to match your surroundings (Stealth+).
Your rubbery body absorbs attacks. (AC +1, EV +1)
((You are camouflaged when in or above water. (Stealth+)))
You have tentacles for arms and can constrict up to eight enemies at once.


Message History

The orc wizard hits you with a +0 dagger.
The orc shouts!
You hear a shout! x2
Something shouts, "Flee, thou goatish hedge-born dewberry!"
Something shouts, "Slither hence, thou peeagling full-gorged boar-pig!"
You hear an angry hiss.
The orc wizard hits you with a +0 dagger.
As you read the scroll of fear, it crumbles to dust.
You assume a fearsome visage.
The phantom is unaffected.
The orc looks frightened!
The orc priest looks frightened!
The orc looks frightened!
The orc wizard looks frightened!
The gnoll looks frightened! x2
The orc wizard mumbles some strange words.
The orc wizard flickers and vanishes!
Deactivating autopickup; reactivate with Ctrl-A.
An iguana comes into view.
An orc wizard comes into view. It is wielding a +0 dagger.
The iguana bites you!
* * * LOW HITPOINT WARNING * * *
A sleepcap comes into view.
The sleepcap misses you. The sleepcap attacks as you move away!
The sleepcap releases spores at you!
* * * LOW HITPOINT WARNING * * *
The orc attacks as you move away! The orc closely misses you.
The orc seems to regain its courage.
An orc comes into view. It is wielding a +0 whip.
The orc attacks as you move away! The orc hits you with a +0 dagger.
* * * LOW HITPOINT WARNING * * *
A shadow imp comes into view.
The orc is engulfed in noxious fumes.
The orc appears confused.
The orc closely misses something.
An ogre comes into view. It is wielding a +0 giant club.
The orc is engulfed in noxious fumes.
The orc appears confused.
The orc misses the quokka.
The orc attacks as you move away! The orc closely misses you.
The shadow imp shouts!
The adder hisses angrily.
The orc is engulfed in noxious fumes.
The orc appears confused.
The orc closely misses the adder.
The white imp gestures at you. The puff of frost hits you!
You die...

####* ***###...#*###
**.........,..#
****,*o*,.....##.#
*,,,***..##.##.#.#
*,**,*,#.........#
*,***,*#.##.##.#o#*************
*,* ****#.#.#O##@#,,,,,,,,,,,,*
*,* *#...###.....W.#*****,* #,*
##f## #.#.###.# ***<*** #.*
##### #l# #.5≈≈§~,* *,,,,,*
#.*##...###.####≈≈,rS≈~*
*,***,*
#.##....f.......≈~~Oo.≈#
*******
.....W.l###.###....5..≈##**
***** #....#.##
#.#**#≈.J.§.≈o.,****⌠,⌠
###.##.#
#..,,.≈≈5~l≈≈#*,,,,+,>,


You could see an ogre, a phantom (wandering), a jelly, an orc priest, an adder,
a white imp, 2 orcs and a quokka.

Vanquished Creatures
  2 howler monkeys (D:5)
  2 jackals (D:5)
4 creatures vanquished.

Vanquished Creatures (others)
  A jelly (D:5)
  A hound (D:5)
  An adder (D:5)
3 creatures vanquished.

Grand Total: 7 creatures vanquished

Notes
Turn   | Place    | Note
-------+----------+-------------------------------------------
     0 | D:5      | Esekla the Octopode Delver began the quest for the Orb.
     0 | D:5      | Reached XP level 1. HP: 16/16 MP: 1/1
     9 | D:5      | Noticed a howler monkey
    29 | D:5      | Killed a howler monkey
    30 | D:5      | Reached skill level 7 in Stealth
    30 | D:5      | Reached XP level 2. HP: 18/21 MP: 1/3
    30 | D:5      | Reached XP level 3. HP: 22/26 MP: 1/4
    95 | D:5      | Noticed a phantom
    95 | D:5      | Noticed a lemure
   102 | D:5      | Noticed a scorpion
   103 | D:5      | Reached skill level 1 in Spellcasting
   103 | D:5      | Reached XP level 4. HP: 15/31 MP: 5/5
   103 | D:5      | Noticed Pikel
   103 | D:5      | Noticed a lemure
   103 | D:5      | Noticed a lemure
   103 | D:5      | Noticed a lemure
   145 | D:5      | Noticed a phantom
   146 | D:5      | Found a shimmering altar of Xom.
   146 | D:5      | Noticed a phantom
   150 | D:5      | Noticed a phantom
   150 | D:5      | Noticed an ogre
   181 | D:5      | HP: 1/31 [orc/+0 dagger (5)]
   185 | D:5      | Noticed an ogre
   186 | D:5      | Killed from afar by a white imp

Illustrated notes

Levels and vault maps discovered:
D:5:      layout_loops_ring, good_gods_temple_1, mainiacjoe_overflow_chevrons,
          makhleb_altar_promises_db, xom_confusion_cloud, lemuel_crystal_altar,
          temple_doors_ab, dreamdust_princess_corridor, uniq_pikel

Skill      XL: |  1  2  3 |
---------------+----------+-----
Stealth        | 7 |  7.5
Spellcasting   | 1 |  1.0
Fighting       | |  3.5
Long Blades    | |  2.4
Dodging        | |  2.4

Action                     |  1- 3 |  4- 6 || total
---------------------------+-------+-------++-------
  Melee: Falchion          |    10 |       ||    10
         Constrict         |     4 |       ||     4
         Punch             |     1 |       ||     1
         Tentacles         |     1 |       ||     1
    Use: Scroll            |     1 |     1 ||     2
         Potion            |       |     1 ||     1
 Armour: Skin              |       |     1 ||     1
  Dodge: Dodged            |    11 |     6 ||    17

Table legend: (Time is in decaauts)
 A = Elapsed time spent in this place.
 B = Non-inter-level travel time spent in this place.
 C = Inter-level travel time spent in this place.
 D = Time resting spent in this place.
 E = Time spent auto-exploring this place.
 F = Levels seen in this place.
 G = Mean time per level.
                   A        B        C        D        E       F      G
               +--------+--------+--------+--------+--------+-----+--------+
         Total |    173 |    173 |      0 |      3 |      0 |   1 |  173.0 |
       Dungeon |    173 |    173 |      0 |      3 |      0 |   1 |  173.0 |
               +--------+--------+--------+--------+--------+-----+--------+

Top non-repeatable levels by time:
     D:5: 173 daAuts
